Map: Oxide LE

Players

Asuna - Winner!

  • Race: Protoss Protoss
  • League: Master
  • Spawn Location: 7:00

Jason

  • Race: Terran Terran
  • League: Grandmaster
  • Spawn Location: 1:00

Event: DreamHack SC2 Masters 2020 Winter

VOD

Have the link to the VOD?

Description

Time

  • Played on: Oct. 13, 2020, 7:34 p.m.
  • Length: 12:16

All games in this series

Show
View Real Time Build Order
Export as new Build Order

Asuna Protoss - Winner!

Build Orders: 1 Gate Expand, Phoenix Opening, Colossus Rush 

Get SALT Encoding   

  12  0:00  Probe  
  13  0:12  Probe  
  14  0:17  Pylon  
  14  0:24  Probe (Chrono Boost)  
  15  0:36  Probe (Chrono Boost)  
  15  0:37  Gateway  
  16  0:45  Assimilator, Probe (Chrono Boost)  
  17  0:51  Probe  
  18  1:03  Probe  
  19  1:15  Probe  
  20  1:24  Cybernetics Core  
  20  1:32  Nexus  
  20  1:35  Probe  
  21  1:44  Pylon  
  21  1:48  Assimilator  
  21  1:50  Probe  
  22  2:00  Adept (Chrono Boost)  
  22  2:05  Shield Battery  
  22  2:07  Probe  
  25  2:16  Warp Gate  
  25  2:19  Probe  
  25  2:20  Stalker (Chrono Boost)  
  28  2:31  Probe  
  28  2:42  Stargate  
  28  2:43  Probe  
  29  2:46  Probe  
  29  2:50  Adept  
  33  3:00  Probe (Chrono Boost)  
  33  3:01  Probe (Chrono Boost)  
  34  3:12  Robotics Facility, Probe (Chrono Boost)  
  35  3:19  Probe  
  36  3:24  Probe  
  35  3:27  Gateway  
  35  3:31  Probe  
  35  3:32  Phoenix (Chrono Boost)  
  38  3:37  Probe  
  39  3:43  Probe  
  39  3:44  Pylon  
  40  3:49  Probe  
  40  3:51  Phoenix (Chrono Boost)  
  40  3:55  Probe  
  44  3:57  Pylon  
  44  4:00  Observer  
  44  4:01  Probe  
  46  4:07  Probe  
  47  4:10  Assimilator  
  47  4:13  Assimilator, Probe  
  47  4:16  Phoenix (Chrono Boost)  
  46  4:19  Probe  
  49  4:25  Probe  
  49  4:29  Pylon  
  50  4:31  Probe  
  50  4:37  Probe  
  52  4:39  Phoenix (Chrono Boost)  
  52  4:43  Probe  
  55  4:49  Probe  
  55  4:52  Robotics Bay  
  56  4:53  Observer  
  56  4:55  Probe  
  58  5:01  Probe  
  59  5:08  Gateway, Probe  
  59  5:14  Probe  
  61  5:18  Pylon  
  61  5:20  Probe  
  62  5:24  Pylon  
  62  5:26  Probe  
  62  5:27  Phoenix  
  65  5:30  Nexus  
  65  5:32  Zealot, Probe, Sentry  
  65  5:33  Observer  
  70  5:37  Pylon  
  70  5:41  Colossus (Chrono Boost)  
  70  5:45  Probe  
  77  5:52  Phoenix  
  79  5:57  Probe x2  
  79  6:01  Shield Battery  
  79  6:03  Extended Thermal Lance  
  81  6:08  Sentry  
  81  6:10  Zealot  
  81  6:11  Forge  
  85  6:13  Adept  
  86  6:19  Pylon  
  86  6:22  Colossus (Chrono Boost)  
  86  6:30  Shield Battery  
  92  6:34  Pylon  
  92  6:42  Phoenix  
  94  6:48  Gateway  
  94  6:49  Gateway  
  94  6:52  Sentry x2  
  98  6:54  Zealot  
  98  6:55  Shield Battery  
  84  7:17  Colossus (Chrono Boost)  
  84  7:19  Probe x3  
  93  7:25  Photon Cannon, Protoss Ground Weapons Level 1 (Chrono Boost)  
  93  7:26  Shield Battery, Sentry  
  93  7:28  Assimilator  
  95  7:31  Pylon, Probe x3  
  95  7:33  Phoenix  
  95  7:35  Assimilator  
  100  7:43  Probe x3  
  103  7:48  Pylon, Zealot  
  105  7:55  Probe x3  
  105  7:57  Gateway  
  105  7:58  Gateway  
  108  7:59  Twilight Council  
  108  8:07  Colossus (Chrono Boost), Probe  
  108  8:08  Pylon  
  108  8:12  Sentry  
  117  8:22  Phoenix  
  119  8:31  Zealot x3, Sentry  
  119  8:33  Charge (Chrono Boost)  
  127  8:36  Gateway  
  127  8:37  Gateway  
  127  8:39  Gateway  
  127  8:47  Phoenix, Zealot  
  131  8:50  Immortal (Chrono Boost)  
  131  8:55  Pylon  
  135  8:56  Adept x3  
  135  9:00  Templar Archives  
  141  9:04  Zealot  
  141  9:09  Zealot x3  
  149  9:17  Zealot x3  
  149  9:22  Phoenix  
  155  9:39  Pylon  
  155  9:40  Pylon  
  155  9:42  Pylon  
  155  9:44  Probe x2  
  151  9:47  Phoenix, Nexus  
  151  9:51  Observer  
  154  10:06  High Templar x4  
  156  10:08  Zealot x6  
  156  10:09  Colossus (Chrono Boost)  
  156  10:11  Archon  
  156  10:12  Archon  
  156  10:14  Probe  
  175  10:18  Probe x2  
  177  10:26  Probe  
  162  10:30  Probe  
  162  10:34  Probe  
  164  10:37  Assimilator  
  164  10:38  Probe  
  164  10:41  Photon Cannon, Shield Battery  
  164  10:42  Probe  
  166  10:44  Phoenix, Shield Battery  
  166  10:46  Robotics Facility  
  166  10:48  High Templar  
  166  10:49  High Templar  
  172  10:56  Assimilator  
  172  10:58  Colossus (Chrono Boost)  
  178  11:07  Zealot x5  
  188  11:12  Archon  
  188  11:13  Stalker  
  188  11:14  Stalker  
  188  11:16  Zealot  
  156  11:43  Zealot x10  
  140  12:12  Zealot x5  
Show
View Real Time Build Order
Export as new Build Order

Jason Terran 

Build Orders: Reaper Expand 

Get SALT Encoding   

  12  0:00  SCV  
  13  0:12  SCV  
  14  0:17  Supply Depot  
  14  0:24  SCV  
  15  0:38  SCV  
  15  0:39  Barracks  
  16  0:43  Refinery  
  16  0:50  SCV  
  17  1:03  SCV  
  18  1:15  SCV  
  19  1:30  Reaper  
  19  1:31  Orbital Command  
  20  1:44  Command Center  
  20  1:50  Bunker  
  20  1:58  Supply Depot  
  20  2:00  SCV  
  21  2:03  Marine  
  22  2:12  SCV  
  23  2:17  Factory  
  23  2:22  Marine, Refinery  
  23  2:26  SCV  
  25  2:38  SCV  
  25  2:41  Barracks Reactor  
  26  2:50  SCV  
  27  2:57  Orbital Command  
  27  3:02  Starport, SCV  
  27  3:03  Widow Mine  
  30  3:14  SCV  
  31  3:21  Marine x2  
  31  3:25  SCV  
  31  3:26  Widow Mine, SCV  
  36  3:33  Supply Depot  
  36  3:38  Medivac  
  36  3:40  Marine x2  
  36  3:41  SCV x2  
  42  3:48  Widow Mine  
  44  3:50  Barracks  
  44  3:53  Barracks  
  44  3:55  SCV  
  45  3:56  SCV  
  45  4:02  Marine x2  
  48  4:07  Engineering Bay  
  47  4:17  SCV x2  
  47  4:20  Starport Tech Lab  
  47  4:21  Factory Tech Lab  
  47  4:22  Marine x2  
  51  4:26  Supply Depot, Refinery  
  51  4:29  SCV x2  
  53  4:33  Terran Infantry Weapons Level 1  
  53  4:35  Missile Turret  
  53  4:39  Supply Depot  
  53  4:41  SCV  
  54  4:46  SCV  
  54  4:47  Marine  
  54  4:48  Marine  
  54  4:49  Missile Turret  
  54  4:52  Stimpack  
  49  4:54  Missile Turret  
  49  4:56  Combat Shield  
  49  4:57  Marine  
  49  4:58  Marine  
  52  5:00  SCV  
  52  5:01  SCV  
  52  5:03  Starport Reactor  
  52  5:04  Factory Reactor  
  52  5:06  Marine  
  54  5:08  Marine  
  55  5:15  SCV x2  
  55  5:18  Supply Depot, Marauder  
  55  5:20  Marauder  
  61  5:25  Marine  
  61  5:26  Marine  
  63  5:30  SCV x2  
  65  5:37  Supply Depot  
  65  5:39  Marauder  
  65  5:42  Marauder, Medivac x2  
  73  5:43  Widow Mine  
  73  5:44  Widow Mine  
  73  5:46  SCV  
  76  5:50  SCV  
  76  5:54  Marine x2  
  78  5:58  SCV  
  78  6:02  Marauder, Refinery, Supply Depot  
  81  6:05  Widow Mine  
  81  6:06  Widow Mine  
  85  6:12  Marine  
  86  6:23  Supply Depot  
  86  6:24  Marauder, Marine x2, Medivac x2, Supply Depot  
  94  6:44  Marine x2, SCV x2  
  98  6:47  Command Center  
  98  6:48  Terran Infantry Armor Level 1  
  98  6:50  Marine, Marauder  
  101  6:56  SCV  
  100  7:02  Marine  
  69  7:15  Marine x2  
  69  7:16  Marauder, SCV  
  69  7:17  SCV  
  69  7:18  Medivac x2  
  69  7:19  Widow Mine x2  
  75  7:23  Marine  
  75  7:28  SCV  
  75  7:29  SCV  
  78  7:32  Barracks  
  78  7:33  Barracks  
  78  7:35  Marine  
  78  7:36  Marauder  
  81  7:41  SCV x2, Marine  
  81  7:42  Marauder  
  86  7:51  Viking  
  88  7:53  SCV x2, Marine  
  88  7:55  Viking  
  93  8:01  Orbital Command  
  93  8:02  Starport  
  93  8:05  SCV x2  
  95  8:08  Marauder x2  
  99  8:15  Refinery  
  99  8:16  Refinery  
  99  8:17  SCV x2  
  99  8:19  Sensor Tower  
  101  8:21  Marine x2  
  101  8:22  Barracks Tech Lab x2  
  101  8:24  Viking  
  103  8:28  Viking  
  103  8:29  SCV  
  103  8:30  SCV  
  103  8:32  SCV  
  107  8:35  Marauder  
  107  8:36  Marauder  
  107  8:40  Viking  
  113  8:41  SCV  
  113  8:42  SCV  
  113  8:43  Viking  
  113  8:45  SCV  
  118  8:48  Missile Turret  
  118  8:50  Marauder  
  118  8:52  Supply Depot  
  118  8:55  Armory  
  120  8:58  Marauder  
  120  8:59  SCV, Engineering Bay  
  120  9:01  SCV x2  
  125  9:14  Supply Depot, Viking x2  
  125  9:15  Viking  
  125  9:16  Supply Depot, Viking  
  131  9:35  Marine x2  
  131  9:37  Marauder  
  123  9:42  Marine  
  123  9:43  Marine  
  124  9:47  Viking x3  
  124  9:48  Marauder  
  124  9:49  Supply Depot  
  124  9:50  Viking  
  124  9:51  Supply Depot  
  133  9:53  Orbital Command  
  133  10:04  Marine  
  133  10:10  Marine x2, Supply Depot  
  133  10:11  Marauder x3  
  133  10:12  Supply Depot  
  141  10:28  Marine x2  
  134  10:29  Marauder  
  134  10:31  SCV  
  134  10:32  Marauder, SCV, Marine  
  134  10:34  SCV  
  143  10:39  Ghost Academy  
  143  10:45  SCV  
  143  10:46  SCV  
  143  10:48  Missile Turret, Refinery  
  143  10:49  Marine  
  146  10:54  SCV  
  146  10:57  Marine x2  
  147  10:58  Marine, Sensor Tower  
  147  11:03  Medivac  
  152  11:04  Medivac  
  152  11:07  Medivac  
  132  11:43  Marine x2  
  132  11:44  Marauder  
  113  11:51  SCV  
  92  11:54  SCV x2  
  92  11:57  Marine, Unknown  
  85  12:09  Unknown  
  85  12:10  Unknown  
Tags
 
Add a new tag
Caveats
  • Supply blocks, unpowered buildings, or Contaminate may cause inaccurate times.
  • Supply counts are checked every 10 seconds.